 Dungeon Crawl Stone Soup version 0.17.1-1-g73c8601 (webtiles) character file.

8313 Holeefuk the Cleaver (level 11, -6/101 HPs)
             Began as a Hill Orc Fighter on Jan 2, 2016.
             Was a Priest of the Shining One.
             Mangled by a hill giant
             ... wielding a +0 great mace of flaming
              (12 damage)
             ... in a volcano.
             The game lasted 00:29:09 (8058 turns).

Holeefuk the Cleaver (Hill Orc Fighter)             Turns: 8058, Time: 00:29:10

Health: -6/101     AC: 15    Str: 26    XL:     11   Next: 28%
Magic:  9/11       EV: 10    Int:  8    God:    the Shining One [***...]
Gold:   688        SH: 17    Dex: 10    Spells: 0 memorised, 10 levels left

rFire  . . .     SeeInvis +     N - +0 war axe (chop)
rCold  . . .     Clarity  .     D - +2 scale mail of Exclusion {Regen+ Str+3}
rNeg   + . .     SustAt   .     c - +0 shield
rPois  .         Gourm    .     A - +0 helmet
rElec  .         Spirit   .     (no cloak)
rCorr  .         Warding  .     q - +0 pair of gloves
rMut   .         Rnd*Tele +     k - +0 pair of boots
MR     .....                    (no amulet)
Stlth  ..........               b - ring of teleportation (curse)
                                m - ring of see invisible

@: divine shield, glowing, not resistant to hostile enchantments, extremely
unstealthy
A: no striking features
a: Divine Shield, Renounce Religion, Evoke Teleportation


You were in a volcano.
You worshipped the Shining One.
The Shining One was most pleased with you.
You were very hungry.

You visited 2 branches of the dungeon, and saw 11 of its levels.
You also visited: Sewer and Volcano.

You collected 688 gold pieces.

Inventory:

Hand Weapons
 N - a +0 war axe of chopping (weapon)
Missiles
 E - 23 stones (quivered)
Armour
 c - a +0 shield (worn)
 k - a +0 pair of boots (worn)
 q - a +0 pair of gloves (worn)
 A - a +0 helmet (worn)
 D - the +2 scale mail of Exclusion (worn) {Regen+ Str+3}
   (You found it on level 4 of the Dungeon)

   It affects your strength (+3).
   It increases your rate of regeneration.
 P - a +0 chain mail of poison resistance
Jewellery
 b - a cursed ring of teleportation (right hand)
 m - a ring of see invisible (left hand)
 p - an uncursed ring of positive energy
 y - an uncursed ring of sustain attributes
 R - a cursed ring of teleportation
Wands
 I - a wand of cold (7)
 U - a wand of fire (7)
 W - a wand of random effects (33)
 X - a wand of lightning (5)
Scrolls
 a - 2 scrolls of blinking {unknown}
 f - 2 scrolls of enchant weapon {unknown}
 i - 4 scrolls of recharging
 j - 5 scrolls of remove curse
 n - 5 scrolls of teleportation
 r - 4 scrolls of identify
 t - 3 scrolls of amnesia
 w - a scroll of enchant armour {unknown}
 F - 2 scrolls of magic mapping
 L - a scroll of vulnerability {unknown}
 O - a scroll of fog {unknown}
 Q - a scroll of noise {unknown}
 S - a scroll of torment {unknown}
 V - a scroll of immolation {unknown}
Potions
 d - 3 potions of might
 g - a potion of degeneration {unknown}
 h - 3 potions of lignification
 l - 3 potions of curing
 v - a potion of invisibility {unknown}
 x - 8 potions of flight
 z - a potion of beneficial mutation {unknown}
 C - 4 potions of brilliance
 G - 2 potions of agility {unknown}
 J - a potion of mutation {unknown}
 K - a potion of haste {unknown}
 T - a potion of berserk rage {unknown}
Miscellaneous
 H - a plain deck of wonders {drawn: 2}
Comestibles
 e - 11 bread rations
 s - 6 fruits
 u - 5 beef jerkies
 B - 5 meat rations
 M - 7 slices of pizza


   Skills:
 - Level 10.3 Fighting
 - Level 11.9 Axes
 + Level 11.3 Armour
 - Level 3.9 Dodging
 - Level 6.2 Shields


You had 10 spell levels left.
You didn't know any spells.

Dungeon Overview and Level Annotations

Branches:
Dungeon (9/15)             Temple (0/1) D:7            Lair (2/8) D:9
    Orc: D:9-12

Altars:
Ashenzari
Elyvilon
Fedhas
Gozag
Kikubaaqudgha
Nemelex Xobeh
Okawaru
Ru
Vehumet
Xom
Yredelemnul
Zin
The Shining One

Shops:
D:6 *

Annotations:
D:9 bigmoist's ghost, novice TrMo


Message History

The ogre is lightly wounded.
You hit the two-headed ogre but do no damage.
The two-headed ogre is almost dead.
You completely miss the hill giant.
The hill giant is severely wounded.
You block the two-headed ogre's attack. x2
You hit the two-headed ogre.
The two-headed ogre is almost dead.
You hit the hill giant.
The hill giant is severely wounded.
You hit the ogre.
The ogre is moderately wounded.
The ogre hits you with a great mace of flaming!!
* * * LOW HITPOINT WARNING * * *
The ogre burns you.
* * * LOW HITPOINT WARNING * * *
The hill giant hits you with a great mace of flaming!!
The Shining One protects you from harm! The hill giant burns you!
You die...

# ..# .∩## )!. $$.
### ..# ..###.##..
#.#..#.###.#
∆∆..####§§.......∆∆
#...§∩§...#
##.#.§O)###∆∆∆∆ ∆∆
#.O@## #.#C## ...#.
)). #. ∆∆ .O# .. .#
.[∆ ##. ##


You could see a hill giant, a two-headed ogre and an ogre.

Vanquished Creatures
  Harold (Lair:2)
  A black mamba (Lair:1)
  2 fire drakes
  2 two-headed ogres
  A basilisk (Lair:1)
  2 hippogriffs
  A human (D:9)
  2 hungry ghosts (D:7)
  3 orc warriors
  3 porcupines
  4 water moccasins
  A wasp (D:8)
  2 sky beasts
  2 phantoms (D:6)
  2 black bears
  3 ogres (D:9)
  An ice beast (D:7)
  9 centaurs
  A crocodile (Lair:1)
  5 giant frogs
  A big kobold (D:8)
  A gnoll sergeant (D:9)
  3 wights (D:6)
  10 killer bees
  6 crimson imps
  3 orc priests
  A jelly (D:5)
  A giant frog zombie (D:7)
  3 giant frog skeletons
  3 hounds
  8 iguanas
  A siren (Sewer)
  8 orc wizards
  2 centaur skeletons
  A merfolk avatar (Sewer)
  5 worker ants
  4 sheep (D:9)
  A killer bee zombie (D:9)
  A hound zombie (D:8)
  A hound skeleton (D:6)
  13 adders
  12 river rats
  7 gnolls
  An ooze (D:2)
  2 adder skeletons
  6 worms
  29 orcs
  5 bats
  11 giant cockroaches
  10 hobgoblins
  21 jackals
  4 quokkas
  8 ball pythons
  9 giant geckos
  A giant gecko skeleton (D:7)
  7 giant newts
  10 goblins
  2 goblin skeletons (D:4)
  A goblin zombie (D:4)
  2 hobgoblin zombies (D:4)
  13 kobolds
  4 kobold skeletons (D:4)
  A kobold zombie (D:4)
  3 orc zombies (D:4)
  A quokka zombie (D:8)
  31 rats
  2 butterflies (Lair:2)
328 creatures vanquished.

Notes
Turn   | Place    | Note
--------------------------------------------------------------
     0 | D:1      | Holeefuk the Hill Orc Fighter began the quest for the Orb.
     0 | D:1      | Reached XP level 1. HP: 19/19 MP: 1/1
     0 | D:1      | Noticed an octopode
     0 | D:1      | Noticed an octopode
     1 | D:1      | Noticed a centaur
     3 | D:1      | Noticed a dwarf
     5 | D:1      | Noticed a troll
     6 | D:1      | Noticed a felid
     7 | D:1      | Noticed an ogre
     8 | D:1      | Noticed a formicid
    10 | D:1      | Noticed a naga
    12 | D:1      | Noticed a vampire
    13 | D:1      | Noticed a human
    14 | D:1      | Noticed a spriggan
    14 | D:1      | Noticed a centaur
    17 | D:1      | Noticed a vampire
    17 | D:1      | Noticed a dwarf
    17 | D:1      | Noticed a naga
    22 | D:1      | Noticed a vampire
   183 | D:1      | Reached XP level 2. HP: 23/26 MP: 2/2
   266 | D:1      | Reached skill level 4 in Axes
   836 | D:2      | Reached XP level 3. HP: 25/31 MP: 3/3
  1041 | D:2      | Reached skill level 5 in Axes
  1329 | D:2      | Found a glowing silver altar of Zin.
  1441 | D:2      | Reached XP level 4. HP: 39/39 MP: 4/4
  1548 | D:3      | Reached skill level 6 in Axes
  1680 | D:3      | Reached XP level 5. HP: 27/45 MP: 5/5
  1687 | D:3      | Reached skill level 7 in Axes
  1718 | D:3      | Found a shimmering altar of Xom.
  2048 | D:3      | Reached skill level 1 in Dodging
  2091 | D:3      | Reached XP level 6. HP: 28/51 MP: 6/6
  2286 | D:4      | Found a shattered altar of Ashenzari.
  2302 | D:4      | Got a crude scale mail
  2313 | D:4      | Identified the +2 scale mail of Exclusion {Regen+ Str+3} (You found it on level 4 of the Dungeon)
  2396 | D:4      | Found a glowing golden altar of the Shining One.
  2433 | D:4      | Became a worshipper of the Shining One
  2494 | D:4      | Reached skill level 5 in Armour
  2916 | D:5      | Entered Level 5 of the Dungeon
  2962 | D:5      | Reached XP level 7. HP: 55/57 MP: 7/7
  3019 | D:5      | Found a sacrificial altar of Ru.
  3287 | D:5      | Reached skill level 5 in Fighting
  3680 | D:6      | Reached * piety under the Shining One
  3709 | D:6      | Reached XP level 8. HP: 65/71 MP: 8/8
  3879 | D:6      | Found a sparkling altar of Nemelex Xobeh.
  3963 | D:6      | Found a glowing drain.
  3972 | Sewer    | Entered a sewer
  4213 | Sewer    | Noticed a drowned soul
  4214 | Sewer    | Noticed a drowned soul
  4214 | Sewer    | Noticed a drowned soul
  4214 | Sewer    | Noticed a drowned soul
  4214 | Sewer    | Noticed a drowned soul
  4218 | Sewer    | Noticed a drowned soul
  4221 | Sewer    | Noticed a drowned soul
  4221 | Sewer    | Noticed a drowned soul
  4223 | Sewer    | Noticed a drowned soul
  4225 | Sewer    | Noticed a drowned soul
  4225 | Sewer    | Noticed a drowned soul
  4228 | Sewer    | Noticed a drowned soul
  4228 | Sewer    | Noticed a drowned soul
  4229 | Sewer    | Noticed a drowned soul
  4230 | Sewer    | Noticed a drowned soul
  4450 | D:6      | Reached skill level 8 in Axes
  4524 | D:6      | Found Zecovoz's Serpentskin Sales.
  4620 | D:6      | Found a basalt altar of Yredelemnul.
  4689 | D:6      | Reached XP level 9. HP: 76/79 MP: 9/9
  4707 | D:6      | Found a white marble altar of Elyvilon.
  4800 | D:7      | Reached ** piety under the Shining One
  4903 | D:7      | Reached skill level 5 in Shields
  4925 | D:7      | Found a staircase to the Ecumenical Temple.
  5177 | D:7      | Reached skill level 9 in Axes
  5557 | D:8      | Reached skill level 10 in Axes
  5658 | D:8      | Reached XP level 10. HP: 86/86 MP: 10/10
  5681 | D:8      | Reached skill level 11 in Axes
  5713 | D:8      | Reached *** piety under the Shining One
  6154 | D:9      | Found an iron altar of Okawaru.
  6181 | D:9      | Found an ancient bone altar of Kikubaaqudgha.
  6286 | D:9      | Found a radiant altar of Vehumet.
  6286 | D:9      | Noticed bigmoist's ghost (novice TrMo)
  6743 | D:9      | Found an opulent altar of Gozag.
  6801 | D:9      | Found a blossoming altar of Fedhas.
  6964 | D:9      | Found a staircase to the Lair.
  6967 | Lair:1   | Entered Level 1 of the Lair of Beasts
  7030 | Lair:1   | Reached skill level 10 in Fighting
  7305 | Lair:1   | Noticed a black mamba
  7321 | Lair:1   | Killed a black mamba
  7473 | Lair:1   | Reached XP level 11. HP: 101/101 MP: 11/11
  7663 | Lair:1   | Reached skill level 10 in Armour
  7729 | Lair:2   | Noticed Harold
  7830 | Lair:2   | Killed Harold
  8010 | Lair:2   | Found a dark tunnel.
  8046 | Volcano  | Entered a volcano
  8049 | Volcano  | Noticed a hill giant
  8058 | Volcano  | The Shining One protects you from harm!
  8058 | Volcano  | Mangled by a hill giant

Action                   |  1- 3 |  4- 6 |  7- 9 | 10-12 || total
-------------------------+-------+-------+-------+-------++-------
Melee: War axe           |   128 |   209 |   450 |   231 ||  1018
Invok: Divine Shield     |       |       |       |     2 ||     2
Evoke: Deck              |       |       |       |     2 ||     2
  Use: Scroll            |       |       |       |     7 ||     7
       Potion            |       |       |       |     1 ||     1
  Eat: Chunk             |       |     7 |    13 |     4 ||    24
       Fruit             |       |       |     2 |     3 ||     5
       Royal jelly       |       |       |     1 |       ||     1
